 Dungeon Crawl Stone Soup version 0.26-b1-32-g5d43845318 (webtiles) character file.

Game seed: 4199775338609819234

16 barnardine the Grasshopper (level 2, -1/15 HPs)
             Began as a Spriggan Warper on Jan 10, 2021.
             Was an Initiate of Nemelex Xobeh.
             Slain by a goblin
             ... wielding a +0 dagger
              (2 damage)
             ... on level 2 of the Dungeon on Jan 11, 2021.
             The game lasted 00:11:31 (1383 turns).

barnardine the Grasshopper (Spriggan Warper)        Turns: 1383, Time: 00:11:32

Health: -1/15      AC:  2    Str:  7    XL:     2   Next: 37%
Magic:  6/6        EV: 19    Int: 14    God:    Nemelex Xobeh [......]
Gold:   38         SH:  0    Dex: 15    Spells: 6/6 levels left

rFire    . . .     SeeInvis +   i - +0 club
rCold    . . .     Faith    .   (shield restricted)
rNeg     . . .     Spirit   .   b - +0 robe
rPois    .         Reflect  .   (helmet restricted)
rElec    .         Harm     .   (no cloak)
rCorr    .         Rampage  .   (gloves unavailable)
Will     .....                  (boots unavailable)
Stlth    +.........             (no amulet)
HPRegen  0.05/turn              (no ring)
MPRegen  0.10/turn              (no ring)

@: very quick
A: very small, unfitting armour, see invisible, speed 3
a: Renounce Religion, Draw Escape, Draw Destruction, Draw Summoning


You were on level 2 of the Dungeon.
You worshipped Nemelex Xobeh.
Nemelex Xobeh was noncommittal.
You visited 1 branch of the dungeon, and saw 2 of its levels.

You collected 38 gold pieces.

Inventory:

Hand Weapons
 a - a +0 short sword
 i - a +0 club (weapon)
 l - a +0 hunting sling
Missiles
 e - 5 boomerangs of dispersal (quivered)
 h - 73 stones
Armour
 b - a +0 robe (worn)
 n - a cursed +0 ring mail
 p - a +0 robe
Scrolls
 c - a scroll of remove curse {unknown}
 d - a scroll of blinking
 f - a scroll of amnesia {unknown}
 j - a scroll of identify {unknown}
 k - 2 scrolls of teleportation {unknown}
Potions
 g - a potion of berserk rage {unknown}
 m - a potion of degeneration {unknown}
 o - 3 potions of curing {unknown}


   Skills:
 + Level 1.9 Fighting
 + Level 2.3 Short Blades
 + Level 1.0 Throwing
 + Level 3.8 Dodging
 + Level 2.9 Spellcasting
 + Level 4.6 Translocations


You had 6 spell levels left.
You didn't know any spells.
Your spell library contained the following spells:

 Spells                   Type           Power        Failure   Level
 Blink                    Tloc           N/A          4%          2
 Gell's Gravitas          Tloc           7%           10%         3
 Lesser Beckoning         Tloc           7%           10%         3
 Teleport Other           Tloc           15%          10%         3
 Passage of Golubria      Tloc           N/A          30%         4


Dungeon Overview and Level Annotations

Branches:
Dungeon (2/15)

Altars:
Nemelex Xobeh


Innate Abilities, Weirdness & Mutations

You are very small and have problems with some larger weapons.
You are too small for most types of armour.
You have supernaturally acute eyesight. (SInv)
You cover ground extremely quickly.


Message History

The goblin is heavily wounded.
The goblin misses you.
You barely miss the goblin.
The goblin is heavily wounded.
The goblin hits you but does no damage. The goblin barely misses you.
You hit the goblin but do no damage.
The goblin is heavily wounded.
The goblin hits you with a +0 dagger.
* * * LOW HITPOINT WARNING * * *
You miss the goblin.
The goblin is heavily wounded.
The goblin closely misses you.
You closely miss the goblin.
The goblin is heavily wounded.
The goblin barely misses you.
You closely miss the goblin.
The goblin is heavily wounded.
The goblin hits you with a +0 dagger.
You die...
Your body disappears without a glow.

##. #### $. !..#
#.##..# #.....# #
#.#..# #..###...#
#........#
######g### #@#
##############.#
#...........##.#
#.###..#.......#
###<#......##.####
......#..####.#
###.###..####.#
#...........#
#############


You could see a goblin.

Vanquished Creatures
  A dart slug (D:1)
  A giant cockroach (D:1)
  2 goblins (D:1)
  A hobgoblin (D:1)
  3 jackals (D:2)
  2 kobolds (D:1)
  2 rats (D:1)
12 creatures vanquished.

Notes
Turn   | Place    | Note
-------+----------+-------------------------------------------
     0 | D:1      | barnardine the Spriggan Warper began the quest for the Orb.
     0 | D:1      | Reached XP level 1. HP: 10/10 MP: 5/5
  1051 | D:1      | Reached XP level 2. HP: 15/15 MP: 6/6
  1114 | D:1      | Found a sparkling altar of Nemelex Xobeh.
  1122 | D:1      | Became a worshipper of Nemelex Xobeh the Trickster
  1383 | D:2      | Slain by a goblin

Illustrated notes

Levels and vault maps discovered:
D:1:      dpeg_arrival_stonehenge_12_columns, layout_basic,
          nemelex_xobeh_ov_fountains_minmay
D:2:      layout_loops_cross, grunt_ministairs_14, minmay_pentomino_pile,
          uniq_jessica

Action                   || total
-------------------------++-------
Melee: Short sword       ||    29
       Club              ||    37
Armor: Robe              ||     9
Dodge: Dodged            ||    86
